Map: [ESL] Moondance

Players

DnS - Winner!

  • Race: Protoss Protoss
  • Spawn Location: 12:00

Gerald

  • Race: Protoss Protoss
  • Spawn Location: 6:00

Event: DreamHack SC2 Masters 2022 Atlanta (Online)

VOD

Have the link to the VOD?

Description

Time

  • Played on: Oct. 1, 2022, 1:19 p.m.
  • Length: 34:47

All games in this series

Show
View Real Time Build Order
Export as new Build Order

DnS Protoss - Winner!

Build Orders: Oracle Opening 

Get SALT Encoding   

  12  0:00  Probe  
  13  0:12  Probe  
  14  0:17  Pylon  
  14  0:24  Probe (Chrono Boost)  
  15  0:36  Gateway, Probe (Chrono Boost)  
  16  0:44  Probe (Chrono Boost)  
  16  0:46  Assimilator  
  17  0:51  Probe  
  17  0:56  Assimilator  
  18  1:03  Probe (Chrono Boost)  
  19  1:08  Gateway  
  19  1:12  Probe (Chrono Boost)  
  19  1:17  Probe (Chrono Boost)  
  20  1:25  Cybernetics Core  
  21  1:29  Probe  
  22  1:36  Pylon  
  22  1:41  Probe  
  23  1:54  Probe  
  23  2:00  Stalker  
  26  2:01  Stalker  
  26  2:06  Warp Gate  
  28  2:09  Probe  
  29  2:16  Pylon  
  29  2:29  Pylon  
  29  2:35  Stargate  
  29  2:54  Nexus  
  29  3:02  Shield Battery  
  29  3:03  Probe  
  30  3:15  Probe  
  30  3:16  Oracle (Chrono Boost)  
  34  3:27  Probe, Pylon  
  35  3:37  Twilight Council  
  30  3:52  Oracle (Chrono Boost)  
  32  4:00  Probe (Chrono Boost)  
  33  4:06  Probe (Chrono Boost)  
  34  4:12  Blink (Chrono Boost)  
  34  4:15  Probe x2 (Chrono Boost)  
  36  4:22  Probe (Chrono Boost)  
  38  4:28  Probe (Chrono Boost)  
  39  4:31  Probe (Chrono Boost)  
  39  4:35  Probe (Chrono Boost)  
  39  4:36  Probe (Chrono Boost)  
  41  4:46  Probe  
  41  4:48  Probe  
  41  4:49  Stalker  
  41  4:50  Stalker  
  47  4:58  Probe  
  48  5:00  Probe  
  48  5:01  Gateway  
  49  5:11  Probe  
  49  5:13  Probe  
  49  5:14  Stalker  
  53  5:15  Stalker  
  55  5:22  Pylon  
  55  5:23  Probe  
  55  5:25  Probe  
  54  5:36  Probe  
  54  5:37  Probe  
  56  5:42  Stalker  
  56  5:43  Stalker  
  56  5:48  Probe  
  61  5:52  Nexus  
  61  5:54  Probe  
  62  5:57  Stalker  
  62  6:02  Pylon  
  64  6:07  Stalker  
  64  6:08  Stalker  
  64  6:10  Probe  
  69  6:11  Probe  
  69  6:16  Assimilator  
  70  6:19  Pylon  
  70  6:22  Probe  
  71  6:30  Stalker x2  
  74  6:35  Shield Battery  
  73  6:43  Probe  
  73  6:48  Forge  
  73  6:50  Twilight Council  
  73  6:56  Stalker x2  
  73  6:59  Pylon  
  77  7:03  Probe (Chrono Boost)  
  77  7:04  Probe (Chrono Boost)  
  77  7:06  Stalker  
  77  7:08  Probe (Chrono Boost)  
  82  7:10  Pylon  
  82  7:12  Robotics Facility  
  82  7:13  Probe x2 (Chrono Boost)  
  85  7:16  Protoss Ground Weapons Level 1 (Chrono Boost), Probe (Chrono Boost)  
  85  7:19  Probe (Chrono Boost)  
  85  7:20  Probe (Chrono Boost)  
  87  7:28  Charge  
  88  7:31  Probe (Chrono Boost)  
  88  7:32  Probe x2 (Chrono Boost)  
  88  7:35  Assimilator  
  90  7:37  Assimilator  
  90  7:40  Probe (Chrono Boost)  
  90  7:41  Probe (Chrono Boost), Pylon  
  90  7:42  Probe (Chrono Boost)  
  93  7:46  Probe  
  93  7:47  Probe  
  93  7:49  Pylon  
  96  7:51  Probe  
  96  7:52  Stalker  
  98  8:00  Observer  
  98  8:04  Gateway x2  
  99  8:06  Gateway  
  99  8:08  Templar Archives  
  99  8:13  Stalker x2  
  99  8:17  Stalker  
  105  8:25  Observer  
  106  8:28  Nexus  
  106  8:30  Pylon  
  106  8:33  Pylon  
  106  8:40  Gateway x2  
  106  8:42  Sentry  
  108  8:49  Pylon  
  108  8:51  Pylon  
  108  8:55  Probe x3  
  111  8:56  High Templar x2  
  111  9:02  Archon  
  115  9:04  Shield Battery  
  115  9:06  Pylon  
  115  9:09  Zealot x4  
  123  9:14  Protoss Ground Weapons Level 2 (Chrono Boost)  
  123  9:20  Probe  
  123  9:22  Probe  
  124  9:28  Probe  
  125  9:32  Robotics Bay  
  125  9:34  Robotics Facility  
  125  9:36  Photon Cannon x2  
  125  9:40  High Templar x2  
  125  9:41  Zealot x2  
  125  9:44  Archon  
  130  9:53  Zealot  
  130  9:54  Zealot x3  
  130  9:57  Robotics Facility, Probe x2  
  130  9:58  Observer (Chrono Boost)  
  141  10:08  Probe x2  
  141  10:09  Probe x2  
  141  10:11  Assimilator  
  141  10:13  Assimilator  
  145  10:19  Observer (Chrono Boost)  
  146  10:22  Disruptor (Chrono Boost)  
  146  10:25  Probe x3  
  152  10:35  Disruptor (Chrono Boost)  
  155  10:41  Gravitic Boosters  
  155  10:43  Nexus  
  155  10:44  Photon Cannon  
  155  10:45  Pylon  
  155  10:47  Disruptor (Chrono Boost), Photon Cannon  
  158  10:55  Disruptor (Chrono Boost), Photon Cannon  
  158  10:58  Shield Battery  
  158  10:59  Dark Shrine  
  159  11:06  Observer  
  159  11:10  Photon Cannon  
  162  11:12  Disruptor (Chrono Boost)  
  162  11:15  Disruptor (Chrono Boost)  
  165  11:20  Photon Cannon  
  165  11:21  Photon Cannon  
  165  11:22  Photon Cannon  
  164  11:33  Stalker  
  164  11:34  Stalker x7  
  174  11:47  Disruptor (Chrono Boost)  
  174  11:53  Disruptor (Chrono Boost)  
  129  12:02  Stalker x3  
  129  12:03  Stalker x3  
  134  12:09  Zealot x2  
  134  12:13  Shadow Stride  
  134  12:14  Disruptor (Chrono Boost)  
  134  12:17  Gateway  
  134  12:18  Gateway  
  134  12:19  Probe  
  134  12:20  Probe x2, Gateway  
  134  12:22  Photon Cannon, Probe  
  141  12:23  Observer, Pylon  
  141  12:30  Protoss Ground Weapons Level 3 (Chrono Boost), Assimilator  
  141  12:32  Assimilator  
  141  12:34  Observer  
  142  12:39  Zealot x3  
  142  12:41  Disruptor, Observer  
  151  12:55  Stalker x5  
  143  13:03  Observer  
  142  13:11  Disruptor  
  145  13:13  Stalker  
  145  13:16  Zealot x4  
  145  13:17  Disruptor  
  151  13:25  Observer  
  151  13:26  Observer  
  152  13:32  Dark Templar x2  
  156  13:34  Pylon  
  156  13:44  Stalker x2  
  156  13:45  Stalker x4  
  156  13:46  Observer  
  169  13:50  Observer  
  169  13:55  Nexus  
  170  13:56  Pylon  
  170  13:58  Stalker x2  
  164  14:12  Dark Templar x4  
  164  14:16  Shield Battery  
  167  14:17  Photon Cannon  
  167  14:21  Disruptor  
  170  14:26  Disruptor  
  170  14:27  Zealot x4  
  181  14:32  Photon Cannon x2  
  181  14:35  Zealot x2  
  182  14:47  Stalker x6  
  182  14:50  Photon Cannon  
  182  14:52  Shield Battery  
  182  15:00  Disruptor x2  
  182  15:06  Disruptor  
  187  15:08  Observer  
  169  15:24  Dark Templar  
  169  15:25  Zealot x5, Dark Templar x2  
  183  15:36  Disruptor x2  
  181  15:43  Disruptor (Chrono Boost)  
  171  15:58  Zealot x10  
  173  16:09  Disruptor x2 (Chrono Boost)  
  173  16:10  Protoss Shields Level 1 (Chrono Boost)  
  165  16:17  Observer (Chrono Boost)  
  172  16:23  Stalker x6  
  184  16:29  Nexus  
  184  16:30  Observer  
  179  16:42  Assimilator  
  179  16:44  Assimilator  
  174  16:50  Stalker x7  
  186  16:59  Disruptor x3 (Chrono Boost)  
  176  17:07  Zealot x3  
  171  17:31  Stalker x6  
  171  17:32  Disruptor x2 (Chrono Boost), Zealot x4  
  193  17:42  Pylon  
  193  17:44  Disruptor (Chrono Boost)  
  183  18:17  Dark Templar x4  
  183  18:18  Nexus, Zealot x2, Dark Templar x4  
  191  18:23  Photon Cannon  
  191  18:24  Shield Battery  
  191  18:25  Disruptor  
  194  18:27  Pylon  
  190  18:43  Disruptor x2  
  174  18:57  Zealot x5  
  174  18:58  Zealot x5  
  174  18:59  Nexus  
  174  19:01  Disruptor  
  162  19:19  Disruptor x2  
  152  19:24  Dark Templar x3  
  152  19:29  Pylon  
  158  19:36  Dark Templar x4  
  158  19:37  Disruptor  
  169  19:39  Zealot x3  
  175  19:50  Photon Cannon  
  175  19:51  Photon Cannon  
  175  19:52  Pylon  
  175  19:53  Photon Cannon  
  175  19:54  Shield Battery  
  175  19:57  Disruptor, Observer  
  177  20:12  Zealot x5  
  177  20:13  Zealot x2  
  190  20:16  Observer  
  190  20:18  Dark Templar  
  190  20:19  Observer  
  171  20:39  Nexus  
  171  20:40  Photon Cannon  
  171  20:42  Photon Cannon  
  157  20:56  Stalker x7  
  150  21:12  Stalker  
  150  21:13  Stalker x2  
  149  21:37  Disruptor x2  
  146  21:42  Stalker x8  
  157  21:56  Disruptor  
  157  21:58  Shield Battery  
  146  22:13  Disruptor  
  146  22:14  Stalker x7  
  157  22:25  Photon Cannon  
  155  22:33  Dark Templar x3  
  156  22:53  Disruptor x2, Nexus  
  152  23:03  Observer  
  148  23:19  Stalker x5  
  154  23:20  Stalker x4  
  102  23:42  Observer, Stalker x5  
  102  23:43  Stalker  
  100  23:57  Stalker x2  
  100  23:58  Stalker x2  
  108  24:08  Observer (Chrono Boost)  
  108  24:09  Observer (Chrono Boost)  
  110  24:13  Observer (Chrono Boost)  
  110  24:29  Disruptor (Chrono Boost)  
  119  24:37  Disruptor (Chrono Boost)  
  119  24:38  Disruptor (Chrono Boost)  
  119  24:39  Observer  
  119  24:52  Sentry, Stalker x7  
  127  24:54  Nexus  
  127  24:59  Pylon  
  132  25:05  Dark Templar  
  133  25:17  Disruptor x2  
  139  25:24  Stalker x3  
  143  25:44  Photon Cannon  
  143  25:46  Photon Cannon  
  143  25:47  Shield Battery  
  143  25:49  Pylon  
  133  25:58  Disruptor x2  
  135  26:06  Stalker x3  
  135  26:07  Stalker x2  
  142  26:30  Stalker x2  
  142  26:31  Stalker x3  
  152  26:49  Disruptor  
  152  26:50  Observer  
  152  26:57  Assimilator  
  152  26:59  Assimilator  
  152  27:02  Zealot x3, Dark Templar  
  152  27:03  Zealot x2  
  164  27:11  Zealot  
  160  27:43  Disruptor  
  161  27:46  Stalker  
  161  27:47  Stalker x5  
  167  28:15  Nexus  
  167  28:24  Stalker x3  
  167  28:25  Stalker x5  
  181  28:28  Pylon  
  172  28:51  Dark Templar  
  172  29:06  Zealot x9  
  190  29:11  Disruptor x2  
  145  29:33  Disruptor  
  135  29:42  Zealot x9  
  135  29:43  Zealot  
  146  29:47  Disruptor  
  127  30:03  Zealot, Stalker x5  
  97  30:19  Stalker x4  
  101  30:23  Observer  
  101  30:27  Observer  
  101  30:30  Stalker x3  
  107  30:38  Shield Battery  
  107  30:49  Stalker  
  109  30:50  Stalker x4  
  109  30:56  Zealot  
  119  31:03  Stalker x3  
  125  31:08  Photon Cannon  
  121  31:28  Dark Templar  
  121  31:31  Stalker x2  
  121  31:32  Stalker  
  127  31:33  Zealot x3  
  127  31:38  Assimilator  
  127  31:39  Assimilator  
  125  32:17  Stalker x10  
  143  32:30  Observer  
  141  32:47  Zealot, Dark Templar x3  
  141  32:48  Zealot x6  
  157  33:15  Nexus  
  157  33:20  Stalker x6  
  157  33:23  Pylon  
  143  33:48  Observer  
  143  33:52  Stalker x9  
  161  33:56  Photon Cannon  
  153  34:18  Zealot x3, Dark Templar x2  
  153  34:19  Zealot x3  
  163  34:39  Shield Battery  
Show
View Real Time Build Order
Export as new Build Order

Gerald Protoss 

Build Orders: Blink Stalkers 

Get SALT Encoding   

  12  0:00  Probe  
  13  0:12  Probe  
  14  0:17  Pylon  
  14  0:24  Probe (Chrono Boost)  
  16  0:36  Gateway  
  16  0:37  Probe (Chrono Boost)  
  16  0:42  Probe (Chrono Boost)  
  16  0:45  Assimilator  
  17  0:51  Probe  
  17  0:54  Assimilator  
  18  1:03  Probe (Chrono Boost)  
  19  1:07  Gateway  
  19  1:12  Probe (Chrono Boost)  
  19  1:18  Probe  
  20  1:23  Cybernetics Core  
  21  1:30  Probe  
  22  1:42  Probe, Pylon  
  23  2:00  Probe, Stalker x2  
  28  2:06  Warp Gate  
  28  2:12  Probe  
  29  2:16  Pylon  
  29  2:24  Probe  
  29  2:28  Pylon  
  30  2:34  Adept x2  
  34  2:37  Probe  
  35  2:49  Probe  
  35  2:59  Nexus  
  35  3:05  Probe  
  36  3:11  Twilight Council  
  36  3:17  Shield Battery  
  36  3:20  Probe  
  37  3:30  Pylon  
  37  3:32  Probe  
  38  3:43  Blink (Chrono Boost)  
  38  3:44  Probe  
  35  3:55  Shield Battery  
  35  3:56  Probe  
  35  4:00  Stalker  
  35  4:01  Stalker  
  40  4:08  Probe  
  41  4:11  Probe  
  42  4:18  Gateway  
  42  4:23  Stalker  
  42  4:24  Probe  
  45  4:27  Probe  
  45  4:31  Stalker  
  48  4:36  Probe  
  49  4:43  Probe  
  49  4:44  Robotics Facility  
  50  4:46  Stalker  
  50  4:48  Probe  
  53  4:52  Pylon  
  53  4:55  Probe  
  53  4:58  Stalker  
  56  5:06  Probe  
  56  5:10  Probe  
  56  5:13  Stalker x2  
  59  5:18  Probe  
  60  5:22  Probe  
  59  5:30  Probe  
  59  5:32  Nexus  
  59  5:35  Observer (Chrono Boost)  
  61  5:37  Pylon  
  61  5:39  Probe  
  62  5:42  Adept  
  62  5:43  Adept  
  62  5:49  Probe  
  67  5:50  Observer, Assimilator  
  67  5:55  Probe, Pylon  
  69  6:01  Probe  
  69  6:03  Forge  
  70  6:07  Probe  
  71  6:11  Stalker x2  
  71  6:15  Probe  
  76  6:19  Probe, Stalker  
  79  6:27  Immortal, Probe  
  84  6:42  Probe, Stalker  
  83  6:49  Protoss Ground Weapons Level 1, Probe x2  
  83  6:51  Shield Battery  
  83  6:54  Probe  
  84  6:57  Stalker x2  
  84  7:01  Probe x2  
  89  7:06  Immortal (Chrono Boost), Probe  
  91  7:13  Stalker  
  97  7:22  Probe  
  97  7:24  Probe x2  
  97  7:28  Assimilator  
  97  7:29  Gateway, Pylon  
  99  7:32  Observer, Gateway  
  99  7:34  Gateway  
  99  7:36  Stalker, Pylon  
  101  7:43  Pylon  
  101  7:45  Observer  
  101  7:47  Probe  
  101  7:49  Gateway  
  101  7:50  Stalker x2  
  106  7:52  Observer (Chrono Boost)  
  106  7:56  Probe x2  
  109  7:59  Assimilator  
  109  8:00  Probe  
  109  8:02  Assimilator  
  109  8:03  Dark Shrine  
  110  8:08  Probe  
  110  8:09  Stalker  
  113  8:14  Probe x2, Pylon  
  115  8:25  Nexus  
  115  8:27  Pylon  
  115  8:28  Robotics Facility  
  115  8:32  Probe  
  116  8:38  Gateway  
  116  8:39  Probe  
  117  8:44  Robotics Bay  
  117  8:45  Pylon  
  117  8:47  Shield Battery  
  117  8:49  Adept x2  
  117  8:51  Stalker  
  117  8:52  Stalker  
  117  8:53  Protoss Ground Weapons Level 2 (Chrono Boost)  
  125  8:58  Probe x2  
  127  9:13  Probe  
  125  9:18  Probe, Stalker x5  
  125  9:21  Probe  
  135  9:25  Probe  
  135  9:30  Probe  
  137  9:32  Disruptor (Chrono Boost)  
  137  9:33  Probe  
  137  9:34  Disruptor (Chrono Boost)  
  137  9:35  Photon Cannon  
  137  9:36  Pylon  
  144  9:41  Stalker x2  
  148  9:52  Stalker x3  
  152  9:55  Probe  
  158  10:00  Zealot x2  
  158  10:04  Stalker  
  158  10:05  Zealot  
  158  10:06  Disruptor (Chrono Boost)  
  165  10:07  Disruptor (Chrono Boost)  
  165  10:12  Photon Cannon  
  168  10:17  Dark Templar  
  168  10:19  Dark Templar  
  172  10:22  Pylon x2  
  172  10:28  Photon Cannon, Pylon  
  172  10:34  Assimilator  
  170  10:37  Assimilator  
  170  10:38  Disruptor  
  170  10:40  Disruptor  
  174  10:43  Probe  
  174  10:48  Photon Cannon, Stalker x4  
  183  10:50  Pylon  
  183  10:55  Probe  
  182  11:00  Charge, Observer  
  182  11:08  Gateway  
  180  11:11  Gateway  
  180  11:14  Pylon  
  180  11:15  Dark Templar x5  
  180  11:16  Pylon  
  188  11:19  Photon Cannon  
  188  11:20  Archon  
  188  11:21  Archon  
  188  11:23  Stalker x2  
  190  11:38  Stalker  
  190  11:53  Stalker x7  
  166  11:55  Disruptor (Chrono Boost)  
  142  12:01  Disruptor (Chrono Boost)  
  145  12:12  Nexus  
  145  12:13  Photon Cannon  
  145  12:14  Protoss Ground Weapons Level 3 (Chrono Boost)  
  145  12:15  Probe  
  146  12:22  Probe x3  
  149  12:27  Photon Cannon  
  149  12:31  Robotics Facility  
  149  12:36  Disruptor (Chrono Boost)  
  152  12:38  Dark Templar x3  
  152  12:43  Probe  
  159  12:46  Observer, Stargate  
  157  12:53  Disruptor  
  153  13:05  Disruptor  
  153  13:09  Probe x2  
  158  13:13  Zealot x6, Assimilator  
  158  13:18  Pylon  
  170  13:22  Disruptor  
  172  13:28  Disruptor  
  175  13:39  Fleet Beacon  
  175  13:41  Observer, Stargate  
  175  13:43  Stargate  
  174  13:58  Observer  
  173  14:09  Disruptor (Chrono Boost)  
  169  14:11  Disruptor (Chrono Boost)  
  169  14:14  Stalker x5  
  169  14:16  Disruptor (Chrono Boost)  
  165  14:18  Zealot x5  
  178  14:38  Disruptor  
  179  14:52  Stalker x6  
  197  15:13  Dark Templar x4  
  197  15:22  Protoss Shields Level 1 (Chrono Boost)  
  197  15:25  Photon Cannon  
  197  15:27  Photon Cannon  
  197  15:46  Stalker x3  
  197  15:47  Stalker x7  
  193  15:54  Disruptor  
  173  16:08  Disruptor (Chrono Boost)  
  164  16:13  Disruptor (Chrono Boost)  
  164  16:17  Tempest x2  
  177  16:20  Tempest  
  177  16:23  Shield Battery, Nexus  
  177  16:24  Pylon  
  182  16:27  Assimilator  
  182  16:31  Assimilator  
  182  16:39  Zealot x3  
  191  16:42  Disruptor (Chrono Boost)  
  191  16:43  Zealot  
  191  16:45  Disruptor (Chrono Boost)  
  194  16:49  Disruptor (Chrono Boost)  
  191  17:00  Tempest x2  
  199  17:08  Probe  
  199  17:13  Tempest  
  198  17:15  Zealot  
  198  17:22  Zealot x5  
  200  17:28  Protoss Shields Level 2 (Chrono Boost)  
  198  17:38  Assimilator  
  187  18:01  Disruptor x2  
  186  18:17  Probe, Photon Cannon  
  186  18:19  Photon Cannon  
  187  18:20  Shield Battery  
  187  18:21  Shield Battery, Dark Templar  
  187  18:22  Dark Templar x4, Photon Cannon  
  187  18:25  Shield Battery  
  197  18:29  Pylon x2  
  197  18:30  Pylon  
  197  18:31  Stalker  
  197  18:43  Zealot x4  
  197  18:44  Disruptor (Chrono Boost)  
  183  18:56  Dark Templar x6  
  183  18:57  Observer (Chrono Boost)  
  183  19:00  Probe  
  167  19:10  Disruptor (Chrono Boost)  
  167  19:13  Observer  
  164  19:19  Zealot x2  
  164  19:20  Zealot x2  
  164  19:23  Probe x3  
  169  19:32  Pylon  
  169  19:33  Disruptor, Pylon  
  169  19:36  Photon Cannon  
  169  19:37  Photon Cannon  
  172  19:39  Photon Cannon  
  172  19:41  Pylon  
  172  19:44  Observer  
  171  19:55  Stalker x6  
  181  20:03  Dark Templar  
  181  20:20  Photon Cannon  
  181  20:23  Photon Cannon  
  181  20:26  Photon Cannon  
  175  20:29  Photon Cannon  
  175  20:32  Disruptor  
  170  20:39  Stalker x3  
  172  20:45  Zealot x2  
  172  20:46  Zealot x3  
  172  20:47  Zealot  
  168  20:58  Dark Templar  
  168  20:59  Probe  
  171  21:04  Stalker  
  171  21:05  Stalker x2  
  171  21:08  Dark Templar  
  176  21:13  Probe  
  176  21:14  Probe  
  177  21:23  Dark Templar  
  177  21:24  Dark Templar  
  164  21:39  Dark Templar x3  
  167  21:44  Zealot x3  
  151  21:57  Zealot  
  145  22:09  Dark Templar x3  
  139  22:16  Zealot  
  139  22:18  Probe  
  139  22:19  Probe x2  
  139  22:20  Stalker  
  146  22:32  Disruptor  
  147  22:45  Stalker x4  
  153  22:57  Stalker  
  151  22:58  Probe  
  140  23:12  Stalker x2  
  92  23:51  Observer (Chrono Boost), Stalker  
  92  23:52  Stalker x3  
  98  24:01  Probe  
  99  24:09  Observer  
  97  24:12  Probe  
  97  24:18  Stalker x2  
  97  24:19  Stalker  
  102  24:28  Stalker  
  104  24:32  Disruptor (Chrono Boost)  
  104  24:37  Probe  
  108  24:40  Observer  
  108  24:42  Probe  
  108  24:56  Probe  
  109  25:03  Disruptor (Chrono Boost)  
  105  25:08  Pylon  
  105  25:10  Stalker  
  105  25:11  Stalker  
  109  25:32  Stalker x2  
  113  25:37  Probe  
  114  25:44  Stalker x2  
  118  25:55  Zealot x2  
  114  26:09  Stalker x2  
  116  26:20  Zealot x2  
  123  26:37  Probe  
  124  26:40  Robotics Facility  
  124  26:44  Robotics Facility  
  124  26:51  Pylon  
  124  26:52  Pylon  
  121  26:57  Pylon  
  121  27:02  Probe x4  
  122  27:15  Probe (Chrono Boost)  
  125  27:19  Probe x2 (Chrono Boost)  
  125  27:25  Disruptor (Chrono Boost)  
  125  27:47  Stalker  
  125  27:48  Stalker x3  
  133  27:52  Disruptor (Chrono Boost)  
  138  28:00  Disruptor (Chrono Boost)  
  138  28:04  Probe  
  134  28:27  Assimilator  
  134  28:28  Zealot x3  
  134  28:29  Disruptor  
  134  28:30  Assimilator  
  142  28:49  Stalker x3  
  148  29:15  Zealot x4  
  111  29:44  Stalker  
  111  29:45  Stalker x2  
  68  30:17  Stalker x2  
  68  30:19  Zealot x2  
  68  30:20  Probe x2  
  73  30:24  Probe  
  74  30:32  Probe  
  75  30:36  Observer  
  75  30:38  Nexus  
  75  30:43  Stalker x3  
  75  30:44  Zealot  
  75  30:45  Probe (Chrono Boost), Pylon  
  84  30:51  Nexus  
  84  31:05  Probe  
  85  31:16  Disruptor (Chrono Boost)  
  86  31:19  Zealot x3  
  86  31:22  Disruptor (Chrono Boost)  
  93  31:32  Probe (Chrono Boost)  
  93  31:36  Pylon  
  94  31:40  Probe (Chrono Boost)  
  94  31:42  Probe (Chrono Boost)  
  94  31:44  Probe (Chrono Boost)  
  96  31:47  Probe (Chrono Boost)  
  91  32:03  Stalker  
  91  32:04  Stalker x2  
  91  32:05  Probe x2  
  98  32:17  Probe  
  97  32:23  Disruptor (Chrono Boost)  
  97  32:28  Stalker x2  
  104  32:33  Disruptor (Chrono Boost)  
  101  32:43  Zealot x2  
  101  32:44  Zealot  
  102  32:52  Probe (Chrono Boost)  
  102  32:55  Probe (Chrono Boost)  
  102  32:56  Probe x2 (Chrono Boost)  
  107  32:59  Probe (Chrono Boost)  
  104  33:08  Probe (Chrono Boost)  
  100  33:19  Disruptor (Chrono Boost)  
  101  33:21  Stalker x2  
  101  33:22  Stalker  
  78  33:42  Zealot x3  
  83  33:54  Disruptor (Chrono Boost)  
  82  34:01  Disruptor (Chrono Boost)  
  74  34:16  Zealot  
  74  34:17  Zealot  
Tags
 
Add a new tag
Caveats
  • Supply blocks, unpowered buildings, or Contaminate may cause inaccurate times.
  • Supply counts are checked every 10 seconds.